NYP
MILWAUKEE (NYP) BREWERS @ EUGENE EMERALDS
04/07/2044
 
TOP OF THE 1ST
Milwaukee (NYP) Brewers batting - Pitching for Eugene Emeralds : RHP Jose Ramirez
Pitching: RHP Jose Ramirez
Batting: RHB Brian Landrum 0-0: Ball
1-0: Swinging Strike
1-1: Foul Ball, location: 2F
1-2: Strikes out swinging
Batting: SHB Robert Sayer 0-0: Ball
1-0: Foul Ball, location: 2F
1-1: Ball
2-1: Ball
3-1: Base on Balls
Batting: LHB Gabe Harvey 0-0: Foul Ball, location: 2F
0-1: 2-RUN HOME RUN (Flyball, 89XD, EV 100.0 MPH), Distance : 416 ft
Batting: RHB Skyler Goss 0-0: Foul Ball, location: 2F
0-1: Called Strike
0-2: Foul Ball, location: 2F
0-2: Ball
1-2: Foul Ball, location: 2F
1-2: SINGLE (Groundball, 56D, EV 95.6 MPH)
Batting: RHB Vinny Estrada 0-0: SINGLE (Line Drive, 8RS, EV 85.0 MPH)
Skyler Goss to second
Batting: RHB Dustin Hartman 0-0: Ball
Wild Pitch!
Skyler Goss to third
Vinny Estrada to second
1-0: Foul Ball, location: 2F
1-1: Ground out 4-3 (Groundball, 13, EV 86.9 MPH)
Skyler Goss scores
Vinny Estrada to third
Batting: RHB Brad Wren 0-0: Called Strike
0-1: Ball
Wild Pitch!
Vinny Estrada scores
1-1: Ball
2-1: Ball
3-1: Swinging Strike
3-2: Strikes out swinging
Top of the 1st over - 4 runs, 3 hits, 0 errors, 0 left on base; Milwaukee (NYP) 4 - Eugene 0
BOTTOM OF THE 1ST
Eugene Emeralds batting - Pitching for Milwaukee (NYP) Brewers : RHP Sho Sekine
Pitching: RHP Sho Sekine
Batting: RHB Garrett Granata 0-0: Ground out 6-3 (Groundball, 6M, EV 77.5 MPH)
Batting: RHB Chris Slama 0-0: Ball
1-0: Swinging Strike
1-1: Foul Ball, location: 2F
1-2: Foul Ball, location: 2F
1-2: Ground out 6-3 (Groundball, 6, EV 86.2 MPH)
Batting: RHB Francisco Ramirez 0-0: Foul Ball, location: 2F
0-1: Fly out, F8 (Flyball, 8RM, EV 90.6 MPH)
Bottom of the 1st over - 0 runs, 0 hits, 0 errors, 0 left on base; Milwaukee (NYP) 4 - Eugene 0
TOP OF THE 2ND
Milwaukee (NYP) Brewers batting - Pitching for Eugene Emeralds : RHP Jose Ramirez
Batting: RHB Matt Granger 0-0: Called Strike
0-1: Foul Ball, location: 2F
0-2: Ground out 3-1 (Groundball, 34, EV 99.4 MPH)
Batting: RHB Tom Campos 0-0: Ball
1-0: Foul Ball, location: 2F
1-1: Swinging Strike
1-2: Ball
2-2: Foul Ball, location: 2F
2-2: Strikes out swinging
Batting: RHB Brian Landrum 0-0: Called Strike
0-1: Ball
1-1: Called Strike
1-2: Foul Ball, location: 2F
1-2: SINGLE (Groundball, 56D, EV 104.4 MPH)
Batting: SHB Robert Sayer 0-0: Ground out 3-1 (Groundball, 34, EV 97.5 MPH)
Top of the 2nd over - 0 runs, 1 hit, 0 errors, 1 left on base; Milwaukee (NYP) 4 - Eugene 0
BOTTOM OF THE 2ND
Eugene Emeralds batting - Pitching for Milwaukee (NYP) Brewers : RHP Sho Sekine
Batting: RHB Frank McArdle 0-0: Called Strike
0-1: Ground out 6-3 (Groundball, 6, EV 109.4 MPH)
Batting: LHB Kwang-chih Men 0-0: Called Strike
0-1: Called Strike
0-2: SINGLE (Flyball, 8LS, EV 91.2 MPH)
Batting: LHB Mark Huey 0-0: Called Strike
0-1: Ball
1-1: Foul Ball, location: 2F
1-2: Ball
2-2: Ball
3-2: Foul Ball, location: 2F
3-2: Base on Balls
Kwang-chih Men to second
Batting: RHB Brian Gargis 0-0: Foul Ball, location: 2F
0-1: Foul Ball, location: 2F
0-2: Foul Ball, location: 2F
0-2: Strikes out swinging
Batting: SHB Bob Hamilton 0-0: Ball
1-0: Ball
2-0: Called Strike
2-1: Ball
3-1: Base on Balls
Kwang-chih Men to third
Mark Huey to second
Batting: RHB Jonathan Ridgely 0-0: Fly out, F7 (Flyball, 7S, EV 88.1 MPH)
Bottom of the 2nd over - 0 runs, 1 hit, 0 errors, 3 left on base; Milwaukee (NYP) 4 - Eugene 0
TOP OF THE 3RD
Milwaukee (NYP) Brewers batting - Pitching for Eugene Emeralds : RHP Jose Ramirez
Batting: LHB Gabe Harvey 0-0: Called Strike
0-1: Foul Ball, location: 2F
0-2: Ball
1-2: Strikes out swinging
Batting: RHB Skyler Goss 0-0: SINGLE (Line Drive, 7LS, EV 105.6 MPH)
Batting: RHB Vinny Estrada 0-0: Called Strike
0-1: Ball
1-1: Called Strike
1-2: SINGLE (Line Drive, 7S, EV 89.4 MPH)
Skyler Goss to second
Batting: RHB Dustin Hartman 0-0: Ball
1-0: Called Strike
1-1: Foul Ball, location: 2F
1-2: Fly out, F6 (Popup, 4MS, EV 65.0 MPH)
Batting: RHB Brad Wren 0-0: Ball
1-0: Ground out U3 (Groundball, 34, EV 83.8 MPH)
Top of the 3rd over - 0 runs, 2 hits, 0 errors, 2 left on base; Milwaukee (NYP) 4 - Eugene 0
BOTTOM OF THE 3RD
Eugene Emeralds batting - Pitching for Milwaukee (NYP) Brewers : RHP Sho Sekine
Batting: RHB Garrett Granata 0-0: Called Strike
0-1: Ball
1-1: Ball
2-1: SINGLE (Line Drive, 7S, EV 98.8 MPH)
Batting: RHB Chris Slama 0-0: Ball
Garrett Granata steals 2nd base (no throw)
1-0: Called Strike
1-1: Called Strike
1-2: Ball
2-2: Ball
3-2: Base on Balls
Batting: RHB Francisco Ramirez 0-0: Ball
Garrett Granata steals 3rd, throwing error, E2
Garrett Granata scores
Chris Slama to third
1-0: Foul Ball, location: 2F
1-1: SINGLE (Groundball, 34D, EV 98.1 MPH)
Chris Slama scores
Batting: RHB Frank McArdle 0-0: Ball
1-0: Ball
2-0: Ball
3-0: Base on Balls
Francisco Ramirez to second
Batting: LHB Kwang-chih Men 0-0: Called Strike
0-1: Ball
1-1: Ball
2-1: Foul Ball, location: 2F
2-2: Ball
Wild Pitch!
Francisco Ramirez to third
Frank McArdle to second
3-2: Strikes out swinging
Batting: LHB Mark Huey 0-0: Called Strike
0-1: Called Strike
0-2: Strikes out swinging
Batting: RHB Brian Gargis 0-0: Ball
1-0: Foul Ball, location: 2F
1-1: Called Strike
1-2: Strikes out swinging
Bottom of the 3rd over - 2 runs, 2 hits, 1 error, 2 left on base; Milwaukee (NYP) 4 - Eugene 2
TOP OF THE 4TH
Milwaukee (NYP) Brewers batting - Pitching for Eugene Emeralds : RHP Jose Ramirez
Batting: RHB Matt Granger 0-0: Fly out, F7 (Flyball, 7LM, EV 83.1 MPH)
Batting: RHB Tom Campos 0-0: Called Strike
0-1: Hit by Pitch
Batting: RHB Brian Landrum 0-0: Ball
1-0: Ball
2-0: Ball
3-0: Base on Balls
Tom Campos to second
Batting: SHB Robert Sayer 0-0: Ball
1-0: TRIPLE (Flyball, 89XD, EV 101.2 MPH)
Tom Campos scores
Brian Landrum scores
Pitching: RHP Jose Marrero
Batting: LHB Gabe Harvey 0-0: Called Strike
0-1: Ball
1-1: Swinging Strike
1-2: Strikes out looking
Batting: RHB Skyler Goss 0-0: Foul Ball, location: 2F
0-1: Ball
1-1: Ball
2-1: Ball
3-1: Base on Balls
Batting: RHB Vinny Estrada 0-0: Called Strike
0-1: Ball
1-1: Ball
2-1: Ball
3-1: Fly out, F8 (Line Drive, 8LD, EV 93.8 MPH)
Top of the 4th over - 2 runs, 1 hit, 0 errors, 2 left on base; Milwaukee (NYP) 6 - Eugene 2
BOTTOM OF THE 4TH
Eugene Emeralds batting - Pitching for Milwaukee (NYP) Brewers : RHP Sho Sekine
Batting: SHB Bob Hamilton 0-0: Ball
1-0: Called Strike
1-1: SINGLE (Groundball, 6MS, EV 82.5 MPH) (infield hit)
Batting: RHB Jonathan Ridgely 0-0: Ball
1-0: Called Strike
Bob Hamilton steals 2nd base
1-1: Foul Ball, location: 2F
1-2: Strikes out swinging
Batting: RHB Garrett Granata 0-0: Ball
1-0: Called Strike
1-1: Ball
2-1: Ball
3-1: Called Strike
3-2: Strikes out swinging
Batting: RHB Chris Slama 0-0: Ground out 1-3 (Groundball, 13S, EV 62.5 MPH)
Bottom of the 4th over - 0 runs, 1 hit, 0 errors, 1 left on base; Milwaukee (NYP) 6 - Eugene 2
TOP OF THE 5TH
Milwaukee (NYP) Brewers batting - Pitching for Eugene Emeralds : RHP Jose Marrero
Batting: RHB Dustin Hartman 0-0: Called Strike
0-1: Ball
1-1: Swinging Strike
1-2: Ball
2-2: Ground out 4-3 (Groundball, 4, EV 88.8 MPH)
Batting: LHB Enrique Andrade 0-0: Ball
1-0: Foul Ball, location: 2F
1-1: Ball
2-1: Foul Ball, location: 2F
2-2: Strikes out swinging
Pinch Hitting: SHB Bradley Barrowcliff 0-0: Called Strike
0-1: Swinging Strike
0-2: Ball
1-2: Ball
2-2: Ball
3-2: Fly out, F2 (Popup, 2RF, EV 88.8 MPH)
Top of the 5th over - 0 runs, 0 hits, 0 errors, 0 left on base; Milwaukee (NYP) 6 - Eugene 2
BOTTOM OF THE 5TH
Eugene Emeralds batting - Pitching for Milwaukee (NYP) Brewers : RHP Sho Sekine
Now in CF: David Lass
Batting: RHB Francisco Ramirez 0-0: Called Strike
0-1: SINGLE (Groundball, 4D, EV 103.8 MPH)
Batting: RHB Frank McArdle 0-0: Ball
1-0: 2-RUN HOME RUN (Flyball, 7LD, EV 93.8 MPH), Distance : 339 ft
Batting: LHB Kwang-chih Men 0-0: Ball
1-0: Foul Ball, location: 2F
1-1: Ball
2-1: Ball
3-1: Base on Balls
Pitching: RHP Odmar van de Vijver
Batting: LHB Mark Huey 0-0: Grounds into double play, 4-6-3 (Groundball, 4, EV 81.2 MPH)
Batting: RHB Brian Gargis 0-0: Swinging Strike
0-1: Swinging Strike
0-2: Strikes out swinging
Bottom of the 5th over - 2 runs, 2 hits, 0 errors, 0 left on base; Milwaukee (NYP) 6 - Eugene 4
TOP OF THE 6TH
Milwaukee (NYP) Brewers batting - Pitching for Eugene Emeralds : RHP Jose Marrero
Batting: RHB Tom Campos 0-0: Ball
1-0: Ball
2-0: Ball
3-0: Called Strike
3-1: Called Strike
3-2: Fly out, F7 (Flyball, 7S, EV 89.4 MPH)
Batting: RHB Brian Landrum 0-0: Called Strike
0-1: SOLO HOME RUN (Flyball, 7LD, EV 97.5 MPH), Distance : 338 ft
Batting: SHB Robert Sayer 0-0: Ball
1-0: Ball
2-0: SINGLE (Groundball, 34S, EV 68.8 MPH) (infield hit)
Batting: LHB Gabe Harvey 0-0: Called Strike
0-1: Ball
Robert Sayer steals 2nd base
1-1: Ball
2-1: Foul Ball, location: 2F
2-2: Ball
3-2: Fly out, F8 (Flyball, 78D, EV 78.8 MPH)
Batting: RHB Skyler Goss 0-0: Swinging Strike
0-1: Ball
1-1: Called Strike
1-2: Fly out, F9 (Flyball, 89D, EV 88.1 MPH)
Top of the 6th over - 1 run, 2 hits, 0 errors, 1 left on base; Milwaukee (NYP) 7 - Eugene 4
BOTTOM OF THE 6TH
Eugene Emeralds batting - Pitching for Milwaukee (NYP) Brewers : RHP Odmar van de Vijver
Batting: SHB Bob Hamilton 0-0: Ball
1-0: Foul Ball, location: 2F
1-1: Ball
2-1: Ball
3-1: Swinging Strike
3-2: Strikes out swinging
Batting: RHB Jonathan Ridgely 0-0: Ball
1-0: Ball
2-0: Foul Ball, location: 2F
2-1: SINGLE (Groundball, 6MD, EV 114.4 MPH)
Batting: RHB Garrett Granata 0-0: Called Strike
0-1: Fielders Choice at 2nd, 5-4 (Groundball, 5S, EV 83.8 MPH)
Batting: RHB Chris Slama 0-0: Ball
1-0: Called Strike
Garrett Granata steals 2nd base (no throw)
1-1: Ball
2-1: Ball
3-1: Fly out, F6 (Popup, P, EV 79.4 MPH)
Bottom of the 6th over - 0 runs, 1 hit, 0 errors, 1 left on base; Milwaukee (NYP) 7 - Eugene 4
TOP OF THE 7TH
Milwaukee (NYP) Brewers batting - Pitching for Eugene Emeralds : RHP Jose Marrero
Pitching: LHP Colin Scott
Batting: RHB Vinny Estrada 0-0: Ball
1-0: Foul Ball, location: 2F
1-1: Ball
2-1: Ball
3-1: Base on Balls
Batting: RHB Dustin Hartman 0-0: Foul Ball, location: 2F
0-1: Called Strike
Vinny Estrada is caught stealing 2nd base 2-4
0-2: SINGLE (Groundball, 4D, EV 95.6 MPH)
Batting: LHB Enrique Andrade 0-0: Ball
1-0: Ball
2-0: Swinging Strike
2-1: Ball
3-1: Fly out, F8 (Flyball, 78D, EV 87.5 MPH)
Batting: SHB David Lass 0-0: Swinging Strike
0-1: Foul Ball, location: 2F
0-2: Ball
1-2: Strikes out swinging
Top of the 7th over - 0 runs, 1 hit, 0 errors, 1 left on base; Milwaukee (NYP) 7 - Eugene 4
BOTTOM OF THE 7TH
Eugene Emeralds batting - Pitching for Milwaukee (NYP) Brewers : RHP Odmar van de Vijver
Batting: RHB Francisco Ramirez 0-0: Ball
1-0: SINGLE (Line Drive, 34, EV 99.4 MPH)
Batting: RHB Frank McArdle 0-0: Foul Ball, location: 2F
0-1: SINGLE (Groundball, 56, EV 99.4 MPH)
Francisco Ramirez to second
Batting: LHB Kwang-chih Men 0-0: Swinging Strike
0-1: Called Strike
0-2: Strikes out swinging
Batting: LHB Mark Huey 0-0: Foul Ball, location: 2F
0-1: Called Strike
0-2: Ball
1-2: SINGLE (Groundball, 4M, EV 100.6 MPH) (infield hit)
Francisco Ramirez to third
Frank McArdle to second
Pinch Hitting: LHB Trevor Spaulding 0-0: Ball
1-0: Foul Ball, location: 2F
1-1: Ball
Wild Pitch!
Francisco Ramirez scores
Frank McArdle to third
Mark Huey to second
2-1: Ball
3-1: Base on Balls
Batting: SHB Bob Hamilton 0-0: Swinging Strike
0-1: Ball
1-1: Foul Ball, location: 2F
1-2: Ball
2-2: Fly out, F3 (Popup, 34S, EV 71.9 MPH)
Pitching: RHP Guillermo Delgado
Batting: RHB Jonathan Ridgely 0-0: Hit by Pitch
Frank McArdle scores
Mark Huey to third
Trevor Spaulding to second
Batting: RHB Garrett Granata 0-0: Ball
1-0: Ground out 4-3 (Groundball, 4, EV 86.9 MPH)
Bottom of the 7th over - 2 runs, 3 hits, 0 errors, 3 left on base; Milwaukee (NYP) 7 - Eugene 6
TOP OF THE 8TH
Milwaukee (NYP) Brewers batting - Pitching for Eugene Emeralds : LHP Colin Scott
Now at 1B: Trevor Spaulding
Now in RF: Frank McArdle
Batting: RHB Tom Campos 0-0: Swinging Strike
0-1: Foul Ball, location: 2F
0-2: Strikes out swinging
Batting: RHB Brian Landrum 0-0: Ball
1-0: Foul Ball, location: 2F
1-1: Ball
2-1: Ball
3-1: Swinging Strike
3-2: Foul Ball, location: 2F
3-2: Strikes out swinging
Batting: SHB Robert Sayer 0-0: Swinging Strike
0-1: SINGLE (Groundball, 23, EV 70.6 MPH) (infield hit)
Batting: LHB Gabe Harvey 0-0: Called Strike
Robert Sayer is caught stealing 2nd base 2-6
Top of the 8th over - 0 runs, 1 hit, 0 errors, 0 left on base; Milwaukee (NYP) 7 - Eugene 6
BOTTOM OF THE 8TH
Eugene Emeralds batting - Pitching for Milwaukee (NYP) Brewers : RHP Guillermo Delgado
Pitching: RHP Brian Heimerman
Batting: RHB Chris Slama 0-0: Ball
1-0: Foul Ball, location: 2F
1-1: Fly out, F8 (Flyball, 89M, EV 86.2 MPH)
Batting: RHB Francisco Ramirez 0-0: Ball
1-0: Foul Ball, location: 2F
1-1: SINGLE (Line Drive, 9LS, EV 92.5 MPH)
Batting: RHB Frank McArdle 0-0: Grounds into double play, 5-4-3 (Groundball, 5, EV 80.6 MPH)
Bottom of the 8th over - 0 runs, 1 hit, 0 errors, 0 left on base; Milwaukee (NYP) 7 - Eugene 6
TOP OF THE 9TH
Milwaukee (NYP) Brewers batting - Pitching for Eugene Emeralds : LHP Colin Scott
Pitching: RHP Miles Edwards
Batting: LHB Gabe Harvey 0-0: Foul Ball, location: 2F
0-1: Ball
1-1: Foul Ball, location: 2F
1-2: Ball
2-2: Ball
3-2: Strikes out swinging
Batting: RHB Skyler Goss 0-0: Swinging Strike
0-1: Foul Ball, location: 2F
0-2: Ball
1-2: Foul Ball, location: 2F
1-2: Strikes out swinging
Batting: RHB Vinny Estrada 0-0: Ball
1-0: Called Strike
1-1: Ball
2-1: Called Strike
2-2: Foul Ball, location: 2F
2-2: Strikes out swinging
Top of the 9th over - 0 runs, 0 hits, 0 errors, 0 left on base; Milwaukee (NYP) 7 - Eugene 6
BOTTOM OF THE 9TH
Eugene Emeralds batting - Pitching for Milwaukee (NYP) Brewers : RHP Brian Heimerman
Pitching: RHP Allen Gans
Batting: LHB Kwang-chih Men 0-0: Called Strike
0-1: Ball
1-1: Swinging Strike
1-2: Strikes out looking
Batting: LHB Mark Huey 0-0: Ball
1-0: Foul Ball, location: 2F
1-1: SINGLE (Line Drive, 7S, EV 104.4 MPH)
Batting: LHB Trevor Spaulding 0-0: Ball
1-0: Fly out, F8 (Flyball, 8RM, EV 90.0 MPH)
Batting: SHB Bob Hamilton 0-0: Ball
Passed Ball!
Mark Huey to second
1-0: Swinging Strike
1-1: Called Strike
1-2: Strikes out swinging
Bottom of the 9th over - 0 runs, 1 hit, 0 errors, 1 left on base; Milwaukee (NYP) 7 - Eugene 6
Thursday, March 31st , 2022 - OOTP Baseball 22.12 Build 89